 Dungeon Crawl Stone Soup version 0.18-a0-965-g9200175 (webtiles) character file.

28 Duffy the Ruffian (level 3, 19/19 HPs)
             Began as a Vine Stalker Fighter on Jan 1, 2016.
             Quit the game on level 2 of the Dungeon.
             The game lasted 00:00:49 (933 turns).

Duffy the Ruffian (Vine Stalker Fighter)             Turns: 933, Time: 00:00:49

Health: 19/19      AC:  7    Str: 18    XL:     3   Next: 12%
Magic:  4/4        EV:  9    Int: 12    God:
Gold:   20         SH:  0    Dex: 13    Spells: 0 memorised, 2 levels left

rFire  . . .     SeeInvis .       - Unarmed
rCold  . . .     Gourm    .     a - +0 scale mail
rNeg   . . .     Faith    .     (no shield)
rPois  .         Spirit   +     h - +0 helmet
rElec  .         Dismiss  .     (no cloak)
rCorr  .         Reflect  .     (no gloves)
SustAt .         Harm     .     (no boots)
MR     .....                    l - amulet of inaccuracy (curse)
Stlth  ..........               (no ring)
                                n - +3 ring of intelligence

@: not resistant to hostile enchantments, extremely unstealthy
A: fangs 2, regeneration 1, magic shield, antimagic bite, no device heal 3, rot
immunity
a: no special abilities


You were on level 2 of the Dungeon.
You were not hungry.

You visited 1 branch of the dungeon, and saw 2 of its levels.

You collected 20 gold pieces.


Innate Abilities, Weirdness & Mutations

You have extremely sharp teeth.
Your natural rate of healing is unusually fast.
When hurt, damage is shared between your health and your magic reserves.
Your bite disrupts and absorbs the magic of your enemies.
Potions and wands cannot restore your health.
You are immune to rotting.


   Skills:
 - Level 2.6 Fighting
 - Level 2.4 Armour
 - Level 2.6 Shields
 + Level 3.5 Unarmed Combat


You had 2 spell levels left.
You didn't know any spells.

Inventory:

Armour
 a - a +0 scale mail (worn)
 b - a +0 shield
 h - a +0 helmet (worn)
Jewellery
 l - a cursed amulet of inaccuracy (around neck)
 n - a +3 ring of intelligence (left hand)
Scrolls
 f - a scroll of identify {unknown}
 g - 2 scrolls of random uselessness {unknown}
 i - a scroll of fear {unknown}
 k - a scroll of fog {unknown}
Potions
 c - a potion of might
 e - 3 potions of ambrosia {unknown}
 j - 2 potions of curing {unknown}
 m - a potion of heal wounds {unknown}
Comestibles
 d - a bread ration

Dungeon Overview and Level Annotations

Branches:
Dungeon (2/15)

Altars:


Message History

A bat is nearby!
The bat hits you but does no damage.
Found 13 arrows of dispersal.
You hit the bat.
The bat is severely wounded.
The bat hits you but does no damage. x2
The bat hits you but does no damage.
You barely miss the bat. You bite the bat. You drain its power.
You kill the bat!
No target in view!
No target in view!
No target in view!
No target in view!
No target in view!
No target in view!
No target in view!
No target in view!
No target in view!
No target in view!
No target in view!
No target in view!
No target in view!
No target in view!
No target in view!
m - a blue potion
n - a blackened wooden ring Put on which piece of jewellery? (? for menu, Esc to quit)
You feel clever.
n - a +3 ring of intelligence (left hand) Put on which piece of jewellery? (? for menu, Esc to quit)
Oops, that amulet feels deathly cold.
l - a cursed amulet of inaccuracy (around neck) Are you sure you want to abandon this character and quit the game? (Confirm with "yes".)
Okay, then.
Are you sure you want to abandon this character and quit the game? (Confirm with "yes".)

#...##.# #
#...##<#+####
#.##...##......#
#..............#
####....)......#
###...........#
...............#
.............?.#
........@#######
....?....#
(....##### .....
..... ##


There were no monsters in sight!

Action                   || total
-------------------------++-------
Melee: Unarmed           ||    56

Notes
Turn   | Place    | Note
--------------------------------------------------------------
     0 | D:1      | Duffy the Vine Stalker Fighter began the quest for the Orb.
     0 | D:1      | Reached XP level 1. HP: 11/11 MP: 2/2
   250 | D:1      | Reached XP level 2. HP: 16/16 MP: 3/3
   465 | D:1      | Reached skill level 3 in Unarmed Combat
   765 | D:1      | Reached XP level 3. HP: 16/19 MP: 4/4
   933 | D:2      | Quit the game

Vault maps used:
D:1:      elethiomel_arrival_maze
D:2:      nicolae_ru_path_of_blood, fedhas_altar_2, uniq_jessica, uniq_terence

Vanquished Creatures
  An ooze
  2 bats
  A giant cockroach
  3 goblins
  4 hobgoblins
  3 giant newts
  5 kobolds
  3 rats
22 creatures vanquished.
